 Dungeon Crawl Stone Soup version 0.27-a0-1532-gca18f49f40 (webtiles) character file.

Game seed: 3186162971293591505

18 Spaninq the Sneak (level 2, -1/27 HPs)
             Began as a Hill Orc Delver on July 12, 2021.
             Shot with a sling bullet by a goblin (7 damage)
             ... on level 2 of the Dungeon.
             The game lasted 00:05:18 (733 turns).

Spaninq the Sneak (Hill Orc Delver)                  Turns: 733, Time: 00:05:18

Health: -1/27      AC:  3    Str: 14    XL:     2   Next: 66%
Magic:  2/2        EV: 11    Int: 10    God:
Gold:   39         SH:  0    Dex: 12    Spells: 1/1 levels left

rFire    . . .     SeeInvis .   a - +0 hand axe
rCold    . . .     Faith    .   (no shield)
rNeg     . . .     Spirit   .   b - +0 leather armour
rPois    .         Reflect  .   (no helmet)
rElec    .         Harm     .   (no cloak)
rCorr    .         Rampage  .   (no gloves)
Will     .....                  (no boots)
Stlth    ++........             (no amulet)
HPRegen  0.09/turn              (no ring)
MPRegen  0.08/turn              (no ring)

@: hasted, very quick
A: no striking features
a: no special abilities


You were on level 2 of the Dungeon.
You visited 1 branch of the dungeon, and saw 4 of its levels.

You collected 39 gold pieces.

Inventory:

Hand Weapons
 a - a +0 hand axe (weapon)
Armour
 b - a +0 leather armour (worn)
Wands
 g - a wand of digging (3)
Scrolls
 c - a scroll of fog
 d - a scroll of magic mapping
 e - a scroll of fear
 i - a scroll of holy word {unknown}
Potions
 h - a potion of heal wounds {unknown}


   Skills:
 + Level 3.9 Fighting
 * Level 3.5 Axes
 + Level 0.9 Armour
 - Level 1.6 Dodging
 - Level 4.1 Stealth


You had one spell level left.
You didn't know any spells.
Your spell library was empty.

Dungeon Overview and Level Annotations

Branches:
Dungeon (5/15)
 Temple: D:4-7

Altars:

Annotations:
D:2 Natasha


Message History

You hear a shout!
Found 12 gold pieces.
A goblin comes into view. It is wielding a +0 dagger.
The orc picks up 22 stones.
The goblin hits you but does no damage.
Found 21 stones.
The endoplasm hits you.
The goblin shouts!
A hobgoblin comes into view.
The hobgoblin shouts!
You hear a shout!
A goblin comes into view. It is wielding a +0 club.
The hobgoblin closely misses you.
The goblin unwields a +0 club.
The goblin wields a +0 hunting sling.
The goblin shoots a sling bullet.
The sling bullet hits you.
The hobgoblin hits you but does no damage.
The goblin unwields a +0 hunting sling.
The goblin wields a +0 club.
The goblin hits you but does no damage.
An adder comes into view.
The goblin hits you with a +0 club. The goblin hits you with a +0 dagger.
The hobgoblin barely misses you. The goblin hits you but does no damage.
The goblin unwields a +0 club.
The goblin wields a +0 hunting sling.
The goblin shoots a sling bullet.
The sling bullet closely misses you. The adder barely misses you.
A hobgoblin comes into view.
The hobgoblin shouts!
The goblin shoots a sling bullet.
The sling bullet hits you.
You feel yourself speed up. The adder bites you. x2
You are poisoned.
The adder poisons you! The goblin misses you.
You feel sick.
You feel sick.
You feel sick.
The goblin shoots a sling bullet.
The sling bullet hits you but does no damage.
Found 24 stones.
You feel sick.
You are no longer poisoned.
An orc comes into view. It is wielding a +0 hand axe.
The goblin shoots a sling bullet.
The sling bullet hits you!
You die...

....##.##...# #.#....#
#..#..##o...#.##..J..# #....#
#...#.###....# ###..## $.....
#....#### #....# (#8.#.
#........ ########...## o.8##
#....#### #.........## ...#
#....###.
..........####.#######......#.
#.......#.Jg.@...(.....###....
#........gg#...#.#.##........#
#........#Sg.........#......J.
######...#..#.#..........)....
....#....................#
...........................#
............................#
............................#
.................. ........#


You could see an adder, an orc, an endoplasm, 2 hobgoblins and 2 goblins.

Vanquished Creatures
  An adder (D:3)
  A ball python (D:3)
  A bat (D:3)
  A giant cockroach (D:3)
  A goblin (D:2)
  A jackal (D:3)
  2 kobolds (D:3)
  A rat (D:2)
9 creatures vanquished.

Notes
Turn   | Place    | Note
-------+----------+-------------------------------------------
     0 | D:5      | Spaninq the Hill Orc Delver began the quest for the Orb.
     0 | D:5      | Reached XP level 1. HP: 19/19 MP: 1/1
    39 | D:5      | Noticed a jelly
    99 | D:5      | Noticed an iguana
   247 | D:4      | Noticed a scorpion
   314 | D:4      | Noticed a kobold brigand
   441 | D:3      | Reached XP level 2. HP: 21/27 MP: 2/2
   675 | D:2      | Noticed Natasha
   733 | D:2      | Shot with a sling bullet by a goblin

Illustrated notes

Levels and vault maps discovered:
D:2:      layout_rooms, hellmonk_ecumenical_altar_slurped_away,
          guppyfry_early_orc_mine, uniq_natasha
D:3:      minmay_general_purpose_star, layout_loops_ring,
          nicolae_uskayaw_en_pointe, portal_sewer_entry_d, minmay_cupped
D:4:      layout_basic, minmay_temple_entry_glassed_door
D:5:      layout_gridville, roderic_batcave, minmay_between, uniq_pikel,
          uniq_blork_the_orc, uniq_sigmund

Skill      XL: |  1 |
---------------+----+-----
Axes           | 3 |  3.5
Fighting       | |  3.9
Armour         | |  0.9
Dodging        | |  1.6
Stealth        | |  4.1

Action                   || total
-------------------------++-------
Melee: Hand axe          ||    34
  Use: Potion            ||     1
 Stab: Sleeping          ||     1
Armor: Leather armour    ||    26
Dodge: Dodged            ||    59

Table legend: (Time is in decaauts)
 A = Elapsed time spent in this place.
 B = Non-inter-level travel time spent in this place.
 C = Inter-level travel time spent in this place.
 D = Time resting spent in this place.
 E = Time spent auto-exploring this place.
 F = Levels seen in this place.
 G = Mean time per level.
                   A        B        C        D        E       F      G
               +--------+--------+--------+--------+--------+-----+--------+
         Total |    735 |    735 |      0 |     82 |     89 |   4 |  183.8 |
       Dungeon |    735 |    735 |      0 |     82 |     89 |   4 |  183.8 |
               +--------+--------+--------+--------+--------+-----+--------+

Top non-repeatable levels by time:
     D:3: 241 daAuts
     D:4: 218 daAuts
     D:2: 157 daAuts
     D:5: 118 daAuts
